Map: Blackburn LE

Players

SKillous

  • Race: Protoss Protoss

Reynor - Winner!

  • Race: Zerg Zerg

Event: DreamHack SC2 Masters 2021 Winter

VOD

Have the link to the VOD?

Description

Time

  • Played on: Oct. 10, 2021, 12:22 p.m.
  • Length: 18:17

All games in this series

Show
View Real Time Build Order
Export as new Build Order

SKillous Protoss 

Build Orders: 1 Gate Expand, Oracle Opening, Carriers 

Get SALT Encoding   

  12  0:00  Probe  
  13  0:12  Probe  
  14  0:19  Pylon  
  14  0:24  Probe  
  15  0:37  Probe (Chrono Boost)  
  15  0:41  Gateway  
  16  0:47  Probe (Chrono Boost)  
  16  0:48  Assimilator  
  17  0:52  Probe (Chrono Boost)  
  18  1:04  Probe  
  19  1:16  Probe  
  20  1:24  Nexus  
  20  1:35  Cybernetics Core  
  20  1:38  Probe  
  21  1:44  Assimilator  
  21  1:50  Probe  
  21  1:54  Pylon  
  22  2:02  Probe  
  23  2:09  Adept (Chrono Boost)  
  23  2:15  Probe (Chrono Boost)  
  26  2:17  Stargate  
  26  2:26  Warp Gate  
  26  2:27  Probe (Chrono Boost)  
  27  2:33  Adept  
  27  2:35  Probe (Chrono Boost)  
  31  2:38  Probe (Chrono Boost)  
  32  2:45  Probe (Chrono Boost)  
  32  2:46  Probe (Chrono Boost)  
  32  2:50  Probe (Chrono Boost)  
  33  2:53  Probe  
  33  2:54  Void Ray (Chrono Boost)  
  35  3:02  Probe  
  35  3:05  Probe  
  41  3:10  Pylon  
  41  3:15  Probe  
  41  3:17  Probe  
  43  3:20  Gateway  
  43  3:27  Probe  
  44  3:28  Oracle (Chrono Boost)  
  44  3:29  Probe  
  48  3:39  Probe  
  49  3:41  Probe  
  49  3:47  Nexus  
  50  3:51  Probe (Chrono Boost)  
  50  3:52  Pylon  
  52  3:59  Assimilator  
  52  4:00  Probe (Chrono Boost)  
  52  4:01  Assimilator  
  52  4:05  Probe (Chrono Boost)  
  54  4:10  Probe x2 (Chrono Boost)  
  54  4:16  Fleet Beacon  
  55  4:20  Probe (Chrono Boost)  
  55  4:21  Pylon  
  57  4:27  Probe (Chrono Boost)  
  57  4:30  Probe (Chrono Boost), Stargate  
  58  4:34  Probe (Chrono Boost), Pylon  
  58  4:35  Probe (Chrono Boost)  
  60  4:45  Probe, Shield Battery  
  61  4:46  Forge  
  61  4:47  Probe  
  62  4:58  Probe (Chrono Boost)  
  62  4:59  Probe (Chrono Boost)  
  65  5:00  Probe (Chrono Boost)  
  65  5:03  Tempest (Chrono Boost)  
  70  5:12  Probe (Chrono Boost)  
  73  5:15  Probe (Chrono Boost)  
  73  5:16  Probe (Chrono Boost)  
  73  5:17  Pylon, Tempest (Chrono Boost)  
  78  5:21  Probe (Chrono Boost)  
  78  5:22  Probe  
  78  5:27  Assimilator  
  78  5:28  Assimilator, Probe  
  81  5:33  Adept, Probe  
  84  5:35  Probe  
  84  5:38  Adept  
  84  5:40  Probe  
  84  5:42  Shield Battery  
  86  5:45  Probe  
  90  5:54  Tempest (Chrono Boost)  
  90  5:57  Tempest (Chrono Boost)  
  90  5:59  Photon Cannon  
  90  6:01  Probe  
  90  6:02  Probe  
  90  6:03  Probe  
  96  6:04  Photon Cannon  
  96  6:10  Twilight Council  
  96  6:13  Probe  
  96  6:14  Probe, Pylon  
  98  6:20  Pylon  
  98  6:21  Pylon  
  98  6:22  Pylon  
  98  6:24  Shield Battery  
  98  6:30  Void Ray  
  98  6:32  Tempest  
  107  6:41  Protoss Air Weapons Level 1 (Chrono Boost)  
  107  6:44  Unknown  
  107  6:45  Photon Cannon  
  107  6:48  Nexus, Protoss Ground Weapons Level 1 (Chrono Boost)  
  107  6:50  Pylon  
  107  6:52  Charge  
  107  6:53  Pylon  
  107  7:02  Gateway  
  107  7:05  Gateway, Templar Archives  
  107  7:07  Void Ray  
  107  7:09  Adept  
  107  7:13  Sentry  
  115  7:16  Void Ray  
  115  7:20  Probe  
  118  7:33  Probe x2  
  118  7:34  Probe  
  117  7:39  Photon Cannon  
  117  7:44  Void Ray  
  117  7:45  Robotics Facility, Probe  
  117  7:46  Probe x2  
  117  7:51  Photon Cannon  
  124  7:53  Photon Cannon  
  124  7:55  Photon Cannon  
  124  7:58  Probe x3  
  127  8:00  Shield Battery  
  127  8:01  Probe  
  127  8:03  Photon Cannon  
  128  8:08  Zealot  
  128  8:09  Zealot  
  132  8:17  Assimilator  
  132  8:18  Photon Cannon, Assimilator  
  132  8:29  Gateway  
  132  8:33  Gateway  
  132  8:35  Gateway x2  
  132  8:37  Observer (Chrono Boost)  
  132  8:39  High Templar x4  
  141  8:44  Protoss Shields Level 1 (Chrono Boost), Archon x2  
  141  8:45  Protoss Air Weapons Level 2 (Chrono Boost)  
  141  8:50  Pylon  
  141  8:52  Carrier (Chrono Boost)  
  141  8:55  Warp Prism (Chrono Boost)  
  149  9:07  Carrier (Chrono Boost)  
  155  9:15  Nexus  
  152  9:18  Pylon  
  152  9:19  Immortal  
  152  9:22  Zealot x2, High Templar x2  
  160  9:24  Pylon  
  160  9:31  Zealot x4, Archon  
  172  9:38  Stargate  
  172  9:41  Probe  
  173  9:46  Gateway  
  173  9:47  Carrier (Chrono Boost)  
  179  9:58  Zealot x4  
  178  10:08  Stalker  
  178  10:11  Probe x2  
  178  10:12  Carrier (Chrono Boost)  
  172  10:21  Probe  
  172  10:26  Zealot x3  
  179  10:30  Zealot x2  
  179  10:33  Zealot  
  185  10:41  Carrier (Chrono Boost)  
  174  10:42  Zealot x3  
  174  10:45  Gateway x2  
  174  10:46  Carrier (Chrono Boost)  
  180  10:53  Protoss Shields Level 2 (Chrono Boost)  
  182  11:07  High Templar  
  182  11:08  High Templar x2  
  182  11:10  Zealot x3, High Templar  
  196  11:12  Archon  
  196  11:15  Archon  
  196  11:20  Gateway  
  196  11:22  Photon Cannon  
  196  11:24  Photon Cannon  
  196  11:28  Photon Cannon  
  196  11:32  Stalker  
  186  11:42  Zealot x3  
  192  11:50  Zealot, Protoss Air Weapons Level 3  
  160  12:15  Zealot  
  160  12:16  Zealot x9  
  140  12:38  High Templar x2  
  140  12:39  High Templar x3  
  140  12:40  High Templar x5  
  140  12:42  Probe x5  
  140  12:43  Archon x2  
  165  12:44  Archon x3  
  165  12:46  Zealot x2  
  169  12:54  Assimilator  
  169  12:58  Assimilator  
  169  13:12  Zealot  
  171  13:13  Stalker x2  
  171  13:15  Zealot x5  
  171  13:16  Zealot x4  
  171  13:19  Void Ray x2 (Chrono Boost)  
  191  13:22  Void Ray (Chrono Boost)  
  151  13:51  Pylon  
  151  13:53  Pylon  
  151  13:54  Pylon x2  
  151  13:56  Photon Cannon  
  151  13:58  Photon Cannon  
  127  14:15  Void Ray (Chrono Boost)  
  127  15:04  Protoss Shields Level 3 (Chrono Boost)  
  127  15:18  Pylon  
  127  15:21  Pylon  
  127  15:24  Pylon  
  122  15:47  High Templar x2  
  122  15:48  High Templar x5  
  122  15:49  High Templar  
  138  15:52  Archon x4  
  138  15:55  Warp Prism (Chrono Boost)  
  140  16:22  High Templar x2  
  140  16:23  Zealot, High Templar x2  
  150  16:26  Archon  
  150  16:27  Archon  
  91  16:51  Zealot x4  
  92  17:16  High Templar  
  92  17:17  Zealot x2, High Templar  
  92  17:21  Archon  
Show
View Real Time Build Order
Export as new Build Order

Reynor Zerg - Winner!

Build Orders: Hatch First 

Get SALT Encoding   

  12  0:00  Drone  
  13  0:13  Overlord  
  13  0:17  Drone  
  14  0:31  Drone  
  14  0:32  Drone  
  16  0:49  Hatchery  
  15  0:52  Drone  
  15  0:56  Drone  
  17  1:00  Drone  
  18  1:11  Extractor  
  18  1:15  Spawning Pool  
  18  1:18  Drone  
  17  1:22  Drone  
  18  1:29  Drone  
  19  1:39  Drone  
  20  1:51  Overlord  
  20  2:02  Queen x2  
  20  2:03  Zergling x4  
  26  2:12  Drone  
  26  2:13  Drone  
  28  2:22  Drone  
  29  2:23  Metabolic Boost, Drone  
  30  2:39  Hatchery  
  30  2:41  Drone  
  30  2:42  Drone  
  31  2:48  Queen  
  33  2:53  Overlord  
  33  2:55  Drone  
  33  2:57  Drone  
  35  2:59  Drone  
  36  3:07  Overlord  
  36  3:12  Drone x4  
  40  3:18  Queen  
  42  3:21  Drone  
  42  3:24  Overlord  
  43  3:29  Queen  
  45  3:34  Overlord  
  45  3:36  Drone  
  46  3:44  Drone x2  
  48  3:49  Drone  
  48  3:51  Drone  
  48  3:52  Queen  
  48  3:54  Drone  
  53  3:56  Queen  
  53  4:00  Overlord  
  53  4:01  Drone x3  
  58  4:03  Drone  
  59  4:10  Overlord  
  59  4:19  Drone x2, Spore Crawler  
  59  4:20  Drone  
  59  4:21  Drone  
  59  4:22  Evolution Chamber  
  61  4:28  Drone x3  
  61  4:29  Drone  
  61  4:30  Drone  
  66  4:34  Spore Crawler  
  65  4:41  Drone x3, Hatchery  
  65  4:45  Extractor  
  66  4:48  Queen, Overlord  
  66  4:50  Zerg Melee Weapons Level 1  
  66  4:52  Drone  
  69  4:58  Zergling x4  
  69  4:59  Zergling x4  
  72  5:00  Drone  
  72  5:05  Overlord  
  72  5:06  Drone  
  72  5:07  Drone x4  
  77  5:12  Lair  
  78  5:14  Drone  
  78  5:19  Roach Warren  
  78  5:20  Queen  
  80  5:25  Drone x3  
  80  5:27  Extractor  
  82  5:31  Overlord  
  82  5:33  Zergling x12  
  88  5:37  Extractor  
  88  5:40  Drone x3  
  89  5:46  Zergling x4  
  89  5:49  Overlord  
  89  5:51  Drone x2  
  89  5:52  Drone, Spore Crawler  
  89  5:57  Queen  
  89  6:01  Queen  
  93  6:04  Overlord  
  93  6:05  Baneling Nest  
  93  6:07  Roach x5  
  105  6:11  Roach x2  
  105  6:12  Overseer  
  105  6:18  Drone  
  105  6:19  Drone  
  105  6:20  Roach  
  105  6:21  Roach  
  105  6:22  Glial Reconstitution, Overlord  
  111  6:26  Zergling x12  
  111  6:27  Zergling x2  
  111  6:30  Overlord  
  118  6:33  Roach  
  118  6:36  Overlord  
  120  6:41  Drone  
  120  6:42  Drone x3  
  125  6:47  Zerg Melee Weapons Level 2  
  125  6:56  Baneling x9  
  125  6:57  Zergling x2  
  125  6:58  Zergling x8  
  125  7:00  Hatchery  
  129  7:01  Zergling x8  
  132  7:10  Zergling x18  
  133  7:24  Drone x3  
  133  7:25  Infestation Pit  
  133  7:26  Evolution Chamber  
  124  7:34  Zergling x18  
  124  7:36  Queen  
  119  7:37  Queen  
  119  7:42  Zergling x10  
  119  7:44  Centrifugal Hooks  
  126  7:55  Drone x3  
  126  7:56  Zerg Ground Armor Level 1  
  129  7:59  Hatchery  
  129  8:00  Drone x2  
  129  8:02  Overlord x2  
  129  8:04  Overlord  
  127  8:15  Hive  
  127  8:17  Drone x3  
  127  8:18  Drone x2, Extractor  
  127  8:19  Drone  
  133  8:20  Drone x3  
  133  8:21  Extractor  
  133  8:27  Queen  
  133  8:28  Queen  
  133  8:31  Drone  
  133  8:32  Drone x4  
  142  8:43  Zergling x18  
  142  8:46  Overlord  
  151  8:49  Overseer  
  151  8:51  Overlord  
  151  8:57  Overlord  
  151  9:02  Zergling x18  
  160  9:05  Queen  
  160  9:06  Queen  
  164  9:12  Overlord  
  164  9:16  Ravager x2  
  166  9:26  Baneling x5  
  166  9:27  Baneling x6  
  166  9:31  Viper x3, Overlord  
  166  9:35  Ultralisk Cavern  
  166  9:36  Queen  
  166  9:37  Adrenal Glands  
  166  9:38  Queen  
  178  9:40  Drone x5  
  178  9:42  Extractor  
  178  9:43  Extractor  
  178  9:44  Zergling x24  
  193  9:48  Overlord  
  193  9:52  Zerg Ground Armor Level 2  
  193  9:53  Zergling x8  
  193  9:54  Zergling x2  
  194  10:10  Zergling x20  
  190  10:42  Chitinous Plating  
  186  10:43  Baneling x12  
  186  10:48  Ultralisk  
  186  10:49  Ultralisk  
  196  10:55  Queen  
  197  11:00  Baneling x12  
  196  11:06  Baneling x10  
  196  11:13  Spore Crawler  
  196  11:14  Spore Crawler  
  196  11:15  Spine Crawler  
  196  11:16  Spine Crawler  
  196  11:17  Spine Crawler  
  191  11:22  Queen  
  193  11:30  Queen  
  189  11:47  Zergling x20  
  199  11:56  Spore Crawler  
  199  11:57  Spore Crawler x2  
  143  12:25  Ultralisk x5, Zergling x8  
  143  12:26  Zergling x10  
  143  12:28  Queen x2  
  167  12:31  Spire, Zergling x2  
  167  12:32  Zergling x28  
  167  12:35  Queen  
  173  12:39  Spore Crawler  
  173  12:40  Drone x2  
  173  12:41  Drone, Queen, Spore Crawler  
  176  12:47  Spore Crawler  
  176  12:48  Baneling  
  176  12:49  Baneling x9  
  176  12:50  Drone x3, Spore Crawler  
  176  12:51  Drone x4, Spore Crawler x2  
  179  12:52  Spore Crawler  
  178  13:01  Spore Crawler x2  
  178  13:02  Spore Crawler  
  127  13:42  Corruptor x9  
  127  13:46  Corruptor  
  144  13:54  Overlord  
  143  14:08  Spore Crawler x2  
  122  14:11  Viper  
  122  14:16  Viper  
  123  14:22  Drone x3  
  124  14:26  Spore Crawler x4  
  124  14:28  Overlord  
  115  14:37  Spawning Pool  
  113  14:41  Roach  
  110  14:50  Drone  
  107  15:01  Roach x3  
  113  15:09  Hatchery  
  112  15:31  Lair  
  112  15:35  Spore Crawler  
  111  15:38  Spore Crawler  
  105  15:51  Drone x3  
  105  15:54  Spore Crawler  
  105  15:55  Spore Crawler, Roach Warren  
  105  15:56  Spore Crawler x2  
  98  16:14  Drone x2  
  98  16:15  Spore Crawler  
  98  16:17  Spore Crawler  
  92  16:37  Roach x4  
  84  16:42  Ravager x4  
  88  16:49  Drone x2  
  88  16:53  Spire  
  89  17:11  Drone x3  
  89  17:13  Spore Crawler  
  89  17:14  Spore Crawler  
  89  17:15  Drone  
  85  17:16  Spore Crawler  
  85  17:17  Spore Crawler  
  60  17:55  Extractor  

Tags
 
Add a new tag
Caveats
  • Supply blocks, unpowered buildings, or Contaminate may cause inaccurate times.
  • Supply counts are checked every 10 seconds.